 Dungeon Crawl Stone Soup version 0.22-a0-750-ga7dcef7 (webtiles) character file.

123 Hebeh the Magician (level 4, -10/24 HPs)
             Began as a Deep Elf Fire Elementalist on July 15, 2018.
             Killed by divine providence
             ... invoked by an orc priest
              (12 damage)
             ... on level 3 of the Dungeon.
             The game lasted 00:12:32 (2527 turns).

Hebeh the Magician (Deep Elf Fire Elementalist)     Turns: 2527, Time: 00:12:32

Health: -10/24     AC:  2    Str:  5    XL:     4   Next: 80%
Magic:  12/12      EV: 14    Int: 21    God:
Gold:   92         SH:  0    Dex: 15    Spells: 2/11 levels left

rFire    . . .     SeeInvis .   l - +2 quarterstaff (speed)
rCold    . . .     Gourm    .   (shield currently unavailable)
rNeg     . . .     Faith    .   b - +0 robe
rPois    .         Spirit   .   (no helmet)
rElec    .         Reflect  .   (no cloak)
rCorr    .         Harm     .   (no gloves)
MR       .....                  (no boots)
Stlth    ++........             d - amulet of magic regeneration
HPRegen  0.08/turn              h - +1 ring of evasion
MPRegen  0.38/turn              (no ring)

@: no status effects
A: no striking features
a: no special abilities


You were on level 3 of the Dungeon.
You were not hungry.

You visited 1 branch of the dungeon, and saw 3 of its levels.

You collected 92 gold pieces.

Inventory:

Hand Weapons
 a - a +0 dagger
 l - a +2 quarterstaff of speed (weapon)
Missiles
 e - 87 stones (quivered)
 m - 17 arrows
 o - 24 sling bullets
Armour
 b - a +0 robe (worn)
Jewellery
 d - an amulet of magic regeneration (around neck)
 h - a +1 ring of evasion (left hand)
Scrolls
 f - a scroll of teleportation
Potions
 g - a potion of might
 i - 2 potions of haste {unknown}
 j - a potion of ambrosia {unknown}
Comestibles
 c - 2 rations


   Skills:
 - Level 2.4 Dodging
 - Level 2.4 Stealth
 + Level 4.2 Spellcasting
 * Level 3.7 Conjurations
 + Level 4.1 Fire Magic


You had 2 spell levels left.
You knew the following spells:

 Your Spells              Type           Power        Failure   Level  Hunger
a - Flame Tongue          Conj/Fire      ###..        2%          1    None
b - Throw Flame           Conj/Fire      ###...       3%          2    #......
c - Conjure Flame         Conj/Fire      ###.....     7%          3    ###....
d - Inner Flame           Hex/Fire       ##......     16%         3    ###....

Your spell library contained the following spells:

 Spells                   Type           Power        Failure   Level  Hunger
 Fireball                 Conj/Fire      ###.......   54%         5    ######.
 Sticky Flame             Conj/Fire      ###.....     22%         4    ####...


Dungeon Overview and Level Annotations

Branches:
Dungeon (3/15)

Altars:
Kikubaaqudgha


Message History

Casting: Throw Flame (safe; 3% risk of failure)
Confirm with . or Enter, or press ? or * to list all spells.
Aiming: Flame Tongue (safe; 2% risk of failure)
Press: ? - help, Shift-Dir - straight line, f - orc priest
Aim: an orc priest, wielding a dagger (hasn't noticed you)
The flame tongue hits the orc priest.
The orc priest is heavily wounded.
The orc priest shouts!
The orc priest invokes the aid of Beogh against you.
Beogh smites you!
Ouch! That really hurt!
You hear an angry hiss.
The orc priest miscasts a cantrip.
The orc priest invokes the aid of Beogh against you.
Beogh smites you!
* * * LOW HITPOINT WARNING * * *
The orc priest mumbles some strange prayers to Beogh against you.
Beogh smites you!
Ouch! That really hurt!
You die...

###########
#########.........#
..........>.......#
#########....<....#
#..@......#
###.####### ##.# #..#
##.## #..# .........#
##o#######
.........####.........
.†....................


You could see an orc priest.

Vanquished Creatures
  5 adders
  An ooze (D:2)
  A worm (D:2)
  3 dart slugs
  2 leopard geckos (D:2)
  An orc (D:3)
  3 giant cockroaches (D:1)
  6 goblins
  7 hobgoblins
  12 jackals (D:2)
  3 kobolds (D:1)
  4 bats
  5 frilled lizards
  8 rats
61 creatures vanquished.

Notes
Turn   | Place    | Note
-------+----------+-------------------------------------------
     0 | D:1      | Hebeh the Deep Elf Fire Elementalist began the quest for the Orb.
     0 | D:1      | Reached XP level 1. HP: 10/10 MP: 6/6
   310 | D:1      | Reached XP level 2. HP: 15/15 MP: 6/8
   760 | D:1      | Reached XP level 3. HP: 16/19 MP: 7/10
  1099 | D:1      | Learned a level 2 spell: Throw Flame
  1103 | D:1      | Learned a level 3 spell: Conjure Flame
  1107 | D:1      | Learned a level 3 spell: Inner Flame
  1448 | D:2      | Reached XP level 4. HP: 24/24 MP: 4/11
  2016 | D:2      | Found an ancient bone altar of Kikubaaqudgha.
  2527 | D:3      | Killed from afar by an orc priest

Vault maps used:
D:1:      scummos_arrival_simple_fountains
D:2:      lemuel_doored_altar, first_ration

Skill      XL: |  1  2  3  4 |
---------------+-------------+-----
Conjurations   | 2 3 |  3.7
Spellcasting   | 4 |  4.2
Fire Magic     | 4 |  4.1
Dodging        | |  2.4
Stealth        | |  2.4

Action                   |  1- 3 |  4- 6 || total
-------------------------+-------+-------++-------
Throw: Stone             |    56 |    10 ||    66
 Cast: Flame Tongue      |    52 |    37 ||    89
       Throw Flame       |    15 |    12 ||    27
  Use: Scroll            |     4 |     1 ||     5
  Eat: Chunk             |     2 |     2 ||     4
       Ration            |       |     1 ||     1
Dodge: Dodged            |    12 |    12 ||    24

Table legend:
 A = Spawn XP
 B = Non-spawn XP
 C = Spawn XP percentage of total XP
 D = Spawn monster count
 E = Non-spawn monster count
 F = Spawn count percentage of total count
 G = Total turns spent on level
                    A         B        C        D         E        F      G
               +---------+---------+-------+---------+---------+-------+---------
         Total |       0 |     177 |   0.0 |       0 |      61 |   0.0 |  2527
               +---------+---------+-------+---------+---------+-------+---------
           D:1 |       0 |      44 |   0.0 |       0 |      25 |   0.0 |  1118
           D:2 |       0 |     112 |   0.0 |       0 |      30 |   0.0 |  1290
           D:3 |       0 |      21 |   0.0 |       0 |       6 |   0.0 |   119
               +---------+---------+-------+---------+---------+-------+---------
